AoeStats
← 清风与我

Arena

510730888Analyzed
2v2 RM · 12h ago on Oct 2, 2026· 32m 47s· 4 players
Game mode
Random Map
Map size
Medium (4 player)
Population
200
Speed
Normal
Resources
Standard
Victory
Conquest
Starting age
Dark Age
Ending age
Imperial Age
RankedLock teamsTeams togetherTeam positionsShared explorationLock speedFull tech treeHidden civsTurbo modeCheats
Victory
Defeat
🇨🇳 Spanish · China
831
+11
🇨🇳 Turks · China
825
+11
🇸🇪 Wei · Sweden
727
-11
🇸🇰 Saxons · Slovakia
726
-11
madeleine.wads
7:11 Loom
12:50 Feudal Age
13:25 Horse Collar
14:18 Double-Bit Axe
21:00 Castle Age
19:43 Wheelbarrow
18:54 Town Watch
20:07 Scale Barding Armor
21:15 Forging
21:23 Bloodlines
21:08 Gold Mining
21:09 Stone Mining
25:03 Bow Saw
25:53 Gold Shaft Mining
26:19 Husbandry
27:25 Heavy Plow
33:26 Imperial Age
33:05 Caravan
Tarklow
11:41 Feudal Age
12:46 Double-Bit Axe
12:46 Horse Collar
13:00 Loom
17:11 Town Watch
18:02 Wheelbarrow
17:21 Gold Mining
22:47 Castle Age
20:59 Stone Mining
23:41 Heavy Plow
23:58 Caravan
24:47 Fortified Wall
25:51 Bow Saw
26:51 Forging
28:09 Gold Shaft Mining
27:38 Elite Skirmisher
30:14 Fletching
30:56 Thumb Ring
Tiny7192
13:22 Feudal Age
18:22 Castle Age
16:29 Horse Collar
28:45 Imperial Age
26:30 Gold Mining
27:22 Double-Bit Axe
33:37 Wheelbarrow
32:48 Town Watch
33:19 Bow Saw
清风与我
0:30 Loom
10:18 Feudal Age
10:50 Double-Bit Axe
11:43 Wheelbarrow
10:51 Horse Collar
13:50 Gold Mining
19:25 Castle Age
17:50 Stone Mining
20:18 Forging
20:29 Hand Cart
22:22 Bow Saw
27:44 Pikeman
28:24 Squires
32:52 Imperial Age
Connection lost

Rejoining the realm…

Still unreachable

The connection could not be restored.

Session expired

The server has moved on; the page needs a fresh start.